 Dungeon Crawl Stone Soup version 0.31-a0-799-g6bc09d010c (webtiles) character file.

Game seed: 11742010719078303110

271 cforsyth the Trooper (level 6, -2/49 HPs)
             Began as a Djinni Delver on Sept 20, 2023.
             Slain by a gnoll
             ... wielding a +0 spear
             ... led by a gnoll bouda
              (4 damage)
             ... on level 5 of the Dungeon.
             The game lasted 00:03:32 (2128 turns).

cforsyth the Trooper (Djinni Delver)                Turns: 2128, Time: 00:03:33

Health: -2/49      AC:  6    Str: 11    XL:     6   Next: 47%
Gold:   60         EV: 12    Int: 14    God:
                   SH:  0    Dex: 14

rFire   + + .        a - +0 falchion
rCold   x . .        (no shield)
rNeg    . . .        b - +0 leather armour
rPois   ∞            o - +1 helmet
rElec   .            (no cloak)
rCorr   .            n - +0 pair of gloves
SInv    .            (boots unavailable)
Will    .....        (no amulet)
Stlth   ++           (no ring)
HPRegen 0.28/turn    (no ring)
MPRegen 0.00/turn

%: infuse magic (-3 HP)
@: flying
A: sickness immunity, fire resistance 2, cold vulnerability 1, float, innate
caster, HP casting, extra vitality 1
a: no special abilities


You were on level 5 of the Dungeon.
You visited 1 branch of the dungeon, and saw 3 of its levels.

You collected 60 gold pieces.

Inventory:

Hand Weapons
 a - a +0 falchion (weapon)
Armour
 b - a +0 leather armour (worn)
 n - a +0 pair of gloves (worn)
 o - a +1 helmet (worn)
Wands
 g - a wand of digging (3)
Scrolls
 c - a scroll of fog
 d - 3 scrolls of revelation
 h - a scroll of identify {unknown}
 j - a scroll of poison {unknown}
 l - a scroll of immolation {unknown}
 m - a scroll of enchant weapon {unknown}
Potions
 f - 4 potions of haste
 i - 2 potions of heal wounds {unknown}
 k - a potion of mutation {unknown}


   Skills:
 + Level 5.2 Fighting
 - Level 1.7 Long Blades
 - Level 2.1 Dodging
 - Level 4.1 Stealth
 + Level 2.9 Spellcasting
 + Level 2.9 Conjurations
 + Level 2.9 Hexes
   Level 0.0 Charms
 + Level 2.9 Summonings
 + Level 2.9 Necromancy
 + Level 2.9 Translocations
 + Level 2.9 Transmutations
 + Level 2.9 Fire Magic
 + Level 2.9 Ice Magic
 + Level 2.9 Air Magic
 + Level 2.9 Earth Magic
 + Level 2.9 Poison Magic


You knew the following spells:

 Your Spells              Type           Power      Damage    Failure   Level
a - Sandblast             Erth           20%        2d7       9%          1
b - Momentum Strike       Conj/Tloc      20%        3d8       13%         2
Your spell library was empty.

Dungeon Overview and Level Annotations

Branches:
Dungeon (6/15)
 Temple: D:4-7

Altars:
Ru

Annotations:
D:6 Maggie


Innate Abilities, Weirdness & Mutations

You are immune to sickness and miasma.
You are immune to poison.
Your flesh is very heat resistant. (rF++)
You are vulnerable to cold. (rC-)
You float through the air rather than walking.
You learn spells naturally, not from books.
Your magical power is your life essence.
You have superior vitality. (+4 MHP)


Message History

The orc priest mumbles some strange prayers to Beogh against you.
Beogh smites you!
Your magical contamination has completely faded away.
The gnoll attacks as it pursues you! The gnoll closely misses you.
There is a stone staircase leading down here.
You can't go up here!
The gnoll hits you with a +0 club!
You fly downwards.
Found 26 gold pieces.
There is a stone staircase leading up here.
You closely miss the gnoll. The gnoll barely misses you.
You hit the gnoll.
The gnoll is moderately wounded.
The gnoll hits you with a +0 club. The gnoll hits you but does no damage.
You closely miss the gnoll.
The gnoll is moderately wounded.
The gnoll hits you with a +0 club.
Maggie gestures wildly while chanting.
Maggie attempts to bespell you!
You are mesmerised by Maggie!
The gnoll hits you with a +0 club.
* * * LOW HITPOINT WARNING * * *
You fly upwards.
The orc priest mumbles some strange prayers to Beogh against you.
Pain shoots through your body!
* * * LOW HITPOINT WARNING * * *
A gnoll comes into view. It is wielding a +0 spear.
There is a stone staircase leading down here.
As you read the scroll of fear, it crumbles to dust.
You assume a fearsome visage.
The gnoll looks frightened!
The iguana looks frightened!
The iguana hisses angrily.
The orc priest looks frightened!
The gnoll looks frightened! x2
Cornered, the gnoll turns to fight!
The gnoll attacks as it pursues you!
The gnoll hits you from afar with a +0 spear.
* * * LOW HITPOINT WARNING * * *
The gnoll attacks as it pursues you!
The gnoll hits you from afar with a +0 spear.
You die...

################
###...............
#..........#######
#############.#.######.#
# #....g....>##@#.#
#.#######
#.###..l....#.#.#
#........ #.#
#.####..#g#.# #########
####.###.##......#.#
#....
.........##.#.##.#.#
####.###
####.....g..#......#
#.<..... #
#..##########.###
#.####.. ####..##### #.#
###.# .. ...........#
#.# #<..# .(


You could see a gnoll.

Vanquished Creatures
  A scorpion (D:4)
  A hound (D:5)
  A sleepcap (D:4)
  3 iguanas
  3 adders
  An ufetubus (D:5)
  A worm (D:4)
  10 orcs
  2 giant cockroaches (D:4)
  A kobold (D:4)
  A quokka (D:5)
  3 ball pythons (D:4)
  5 goblins (D:4)
33 creatures vanquished.

Notes
Turn   | Place    | Note
-------+----------+-------------------------------------------
     0 | D:5      | cforsyth the Djinni Delver began the quest for the Orb.
     0 | D:5      | Reached XP level 1. HP: 20/20 MP: 0/0
    27 | D:5      | Reached XP level 2. HP: 19/25 MP: 0/0
    40 | D:5      | Reached skill level 1 in Spellcasting
    40 | D:5      | Reached skill level 1 in Conjurations
    40 | D:5      | Reached skill level 1 in Hexes
    40 | D:5      | Reached skill level 1 in Summonings
    40 | D:5      | Reached skill level 1 in Necromancy
    40 | D:5      | Reached skill level 1 in Translocations
    40 | D:5      | Reached skill level 1 in Transmutations
    40 | D:5      | Reached skill level 1 in Fire Magic
    40 | D:5      | Reached skill level 1 in Ice Magic
    40 | D:5      | Reached skill level 1 in Air Magic
    40 | D:5      | Reached skill level 1 in Earth Magic
    40 | D:5      | Reached skill level 1 in Poison Magic
    43 | D:5      | Noticed an ice beast
   121 | D:5      | Reached XP level 3. HP: 3/31 MP: 0/0
   121 | D:5      | Learned a level 1 spell: Sandblast
   251 | D:5      | Found a sacrificial altar of Ru.
   384 | D:4      | Reached skill level 4 in Fighting
   384 | D:4      | Reached XP level 4. HP: 5/37 MP: 0/0
   678 | D:4      | Reached XP level 5. HP: 9/42 MP: 0/0
   678 | D:4      | Learned a level 2 spell: Momentum Strike
  1251 | D:4      | Reached XP level 6. HP: 10/49 MP: 0/0
  1441 | D:4      | Reached skill level 5 in Fighting
  2116 | D:6      | Noticed Maggie
  2121 | D:5      | HP: 2/49 [orc priest/nerve-wracking pain (10)]
  2126 | D:5      | HP: 1/49 [gnoll/+0 spear[a gnoll bouda] (2)]
  2128 | D:5      | Slain by a gnoll

Illustrated notes

Levels and vault maps discovered:
D:4:      layout_loops_ring
D:5:      layout_loops_ring, nemelex_spade_bored_becter,
          mainiacjoe_overflow_tiny_flanked
D:6:      layout_basic, minmay_temple_entry_waves, uniq_crazy_yiuf_cottage,
          uniq_maggie, uniq_pikel

Skill      XL: |  1  2  3  4  5  6 |
---------------+-------------------+-----
Spellcasting   | 1 2 |  2.9
Conjurations   | 1 2 |  2.9
Hexes          | 1 2 |  2.9
Summonings     | 1 2 |  2.9
Necromancy     | 1 2 |  2.9
Translocations | 1 2 |  2.9
Transmutations | 1 2 |  2.9
Fire Magic     | 1 2 |  2.9
Ice Magic      | 1 2 |  2.9
Air Magic      | 1 2 |  2.9
Earth Magic    | 1 2 |  2.9
Poison Magic   | 1 2 |  2.9
Fighting       | 4 5 |  5.2
Long Blades    | |  1.7
Dodging        | |  2.1
Stealth        | |  4.1

Action                     |  1- 3 |  4- 6 || total
---------------------------+-------+-------++-------
  Melee: Falchion          |    69 |    55 ||   124
         Punch             |     1 |       ||     1
   Cast: Sandblast         |     2 |    40 ||    42
         Momentum Strike   |       |     3 ||     3
    Use: Scroll            |       |     1 ||     1
   Stab: Sleeping          |     2 |       ||     2
 Armour: Leather armour    |    37 |    54 ||    91
  Dodge: Dodged            |    44 |    43 ||    87

Table legend: (Time is in decaauts)
 A = Elapsed time spent in this place.
 B = Non-inter-level travel time spent in this place.
 C = Inter-level travel time spent in this place.
 D = Time resting spent in this place.
 E = Time spent auto-exploring this place.
 F = Levels seen in this place.
 G = Mean time per level.
                   A        B        C        D        E       F      G
               +--------+--------+--------+--------+--------+-----+--------+
         Total |   2177 |   2117 |     60 |    807 |    776 |   3 |  725.7 |
       Dungeon |   2177 |   2117 |     60 |    807 |    776 |   3 |  725.7 |
               +--------+--------+--------+--------+--------+-----+--------+

Top non-repeatable levels by time:
     D:4: 1675 daAuts
     D:5: 496 daAuts
     D:6: 5 daAuts
